 Dungeon Crawl Stone Soup version 0.27.0-1-g7a089689b8 (webtiles) character file.

Game seed: 1002582959542453484

1341 jazmu the Skirmisher (level 8, -8/64 HPs)
             Began as a Demonspawn Fighter on Aug 15, 2021.
             Was a Follower of Okawaru.
             Mangled by an orc warrior (11 damage)
             ... on level 5 of the Dungeon.
             The game lasted 00:07:22 (6414 turns).

jazmu the Skirmisher (Demonspawn Fighter)           Turns: 6414, Time: 00:07:23

Health: -8/64      AC: 11    Str: 18    XL:     8   Next: 35%
Magic:  11/11      EV: 10    Int: 11    God:    Okawaru [*.....]
Gold:   193        SH: 11    Dex: 12    Spells: 7/7 levels left

rFire    . . .     SeeInvis .   a - +0 long sword
rCold    . . .     Faith    .   c - +0 kite shield
rNeg     . . .     Spirit   .   b - +0 scale mail
rPois    .         Reflect  .   (helmet restricted)
rElec    .         Harm     .   (no cloak)
rCorr    .         Rampage  .   (no gloves)
Will     .....                  (no boots)
Stlth    +.........             (no amulet)
HPRegen  0.20/turn              (no ring)
MPRegen  0.12/turn              (no ring)

@: lethally poisoned (-8 -> -23), heroic
A: antennae 1, thin metallic scales 2, foul stench 1
a: Renounce Religion, Heroism


You were on level 5 of the Dungeon.
You worshipped Okawaru.
Okawaru was aware of your devotion.
You visited 2 branches of the dungeon, and saw 7 of its levels.

You collected 193 gold pieces.

Inventory:

Hand Weapons
 a - a +0 long sword (weapon)
 k - a +0 short sword of electrocution
Armour
 b - a +0 scale mail (worn)
 c - a +0 kite shield (worn)
Jewellery
 n - a ring of wizardry
Wands
 g - a wand of iceblast (6)
 h - a wand of digging (4)
 v - a wand of mindburst (1)
 A - a wand of flame (22)
Scrolls
 e - 2 scrolls of noise {unknown}
 f - a scroll of magic mapping {unknown}
 i - a scroll of enchant weapon {unknown}
 l - 2 scrolls of fear {unknown}
 p - a scroll of amnesia {unknown}
 w - a scroll of immolation {unknown}
 x - a scroll of vulnerability {unknown}
 y - a scroll of enchant armour {unknown}
 z - 2 scrolls of identify {unknown}
Potions
 d - a potion of might
 j - a potion of brilliance {unknown}
 m - 2 potions of resistance {unknown}
 q - a potion of cancellation {unknown}
 r - a potion of lignification {unknown}
 s - 2 potions of heal wounds {unknown}
 t - a potion of invisibility {unknown}
 u - a potion of haste {unknown}


   Skills:
 - Level 6.2(11.2) Fighting
 - Level 5.2(10.2) Long Blades
 - Level 3.7(8.7) Armour
 + Level 5.1(10.1) Shields
 + Level 4.6 Invocations


You had 7 spell levels left.
You didn't know any spells.
Your spell library contained the following spells:

 Spells                   Type           Power      Damage    Failure   Level
 Magic Dart               Conj           0%         1d3       87%         1
 Summon Small Mammal      Summ           0%         N/A       87%         1
 Call Imp                 Summ           0%         N/A       95%         2
 Corpse Rot               Necr/Air       N/A        N/A       95%         2
 Poisonous Vapours        Pois/Air       0%         N/A       95%         2
 Call Canine Familiar     Summ           0%         N/A       99%         3
 Mephitic Cloud           Conj/Pois/Air  0%         N/A       99%         3
 Summon Guardian Golem    Hex/Summ       0%         N/A       99%         3
 Freezing Cloud           Conj/Ice/Air   0%         6-21      100%        5


Dungeon Overview and Level Annotations

Branches:
Dungeon (6/15)             Temple (1/1) D:4

Altars:
Ashenzari
Cheibriados
Elyvilon
Fedhas
Gozag
Hepliaklqana
Makhleb
Nemelex Xobeh
Okawaru
Qazlal
Ru
Sif Muna
Trog
Uskayaw
Wu Jian
Xom
Yredelemnul

Annotations:
D:3 1 runed translucent door, Crazy Yiuf
D:4 1 runed translucent door, Sassenached's ghost, novice HuWn


Innate Abilities, Weirdness & Mutations

You have a pair of small antennae on your head.
You are mostly covered in thin metallic scales. (AC +3)
You may rarely emit foul miasma when damaged in melee.


Message History

You block the orc warrior's attack.
You hit the orc warrior.
The orc warrior is heavily wounded.
The orc warrior hits you with a +1 mace of venom.
* * * LOW HITPOINT WARNING * * *
You hit the orc warrior.
The orc warrior is heavily wounded.
You block the orc warrior's attack.
You hit the orc warrior but do no damage.
The orc warrior is heavily wounded.
You block the orc warrior's attack.
You hit the orc warrior.
The orc warrior is severely wounded.
The orc warrior barely misses you.
You riposte.
You hit the orc warrior.
The orc warrior is almost dead.
You barely miss the orc warrior.
The orc warrior is almost dead.
The orc warrior barely misses you.
You riposte.
You closely miss the orc warrior.
The orc warrior is almost dead.
You barely miss the orc warrior.
The orc warrior is almost dead.
The orc warrior barely misses you.
You barely miss the orc warrior.
The orc warrior is almost dead.
You block the orc warrior's attack.
You hit the orc warrior but do no damage.
The orc warrior is almost dead.
The orc warrior misses you.
You closely miss the orc warrior.
The orc warrior is almost dead.
The orc warrior hits you with a +1 mace of venom!
* * * LOW HITPOINT WARNING * * *
You are lethally poisoned!
You hit the orc warrior but do no damage.
The orc warrior is almost dead.
* * * LOW HITPOINT WARNING * * *
You feel very sick.
The orc warrior hits you with a +1 mace of venom!
You die...

.# ###.#####.......# .######.#
###.......# ### ......#.#
#..(....### #.. .####.#.#
#.....### #.# .####.#.# #.....#
#.# #.......# #.....# #.#
#.###.### #.....# #.#
#.......###.....###############.#
..........(.....@o...............
######..#.#......##############.#
##.#.#...........# #.#
#.#.#....#.####.# #.#
#...#....#.# #.# #.# #...#....#.#
#.# #.# #........#.# #.# #.#
#.#.#......# #.# #.# #..........#
#.# #.#


You could see an orc warrior.

Vanquished Creatures
  Grinder (D:3)
  Sigmund (D:3)
  Eustachio (D:4)
  An ogre (D:5)
  A centaur (D:5)
  2 phantoms (D:5)
  A bullfrog (D:3)
  2 water moccasin skeletons (D:5)
  A howler monkey (D:3)
  2 hounds (D:5)
  3 orc wizards
  Natasha (thrice) (D:2)
  An iguana (D:5)
  3 adders
  4 gnolls (D:5)
  A white imp (D:5)
  2 worms
  3 dart slugs (D:3)
  6 orcs
  3 ball pythons
  5 endoplasms
  3 giant cockroaches
  5 goblins
  2 hobgoblins (D:1)
  8 jackals (D:1)
  5 kobolds
  3 quokkas
  A bat (D:2)
  4 frilled lizards
  6 rats
84 creatures vanquished.

Notes
Turn   | Place    | Note
-------+----------+-------------------------------------------
     0 | D:1      | jazmu the Demonspawn Fighter began the quest for the Orb.
     0 | D:1      | Reached XP level 1. HP: 18/18 MP: 1/1
   377 | D:1      | Found a faded altar of an unknown god.
   420 | D:1      | Gained mutation: You are partially covered in thin metallic
                  | scales. (AC +2) [demonic ancestry]
   420 | D:1      | Reached XP level 2. HP: 24/24 MP: 2/2
  1402 | D:2      | Gained mutation: You are mostly covered in thin metallic
                  | scales. (AC +3) [demonic ancestry]
  1402 | D:2      | Reached XP level 3. HP: 30/30 MP: 3/3
  1790 | D:2      | Reached skill level 4 in Fighting
  2145 | D:3      | Noticed Natasha
  2146 | D:3      | Noticed Sigmund
  2424 | D:2      | Killed Natasha
  2425 | D:2      | Gained mutation: You may rarely emit foul miasma when
                  | damaged in melee. [demonic ancestry]
  2425 | D:2      | Reached XP level 4. HP: 4/37 MP: 4/4
  2685 | D:2      | Noticed Natasha
  2769 | D:2      | Killed Natasha
  2793 | D:2      | Noticed Natasha
  2801 | D:2      | Killed Natasha
  2986 | D:3      | Killed Sigmund
  2987 | D:3      | Reached skill level 5 in Fighting
  2987 | D:3      | Reached XP level 5. HP: 40/44 MP: 5/5
  2987 | D:3      | Reached XP level 6. HP: 47/51 MP: 6/6
  3205 | D:3      | Found a runed translucent door.
  3206 | D:3      | Noticed Crazy Yiuf
  3337 | D:3      | Found a sparkling altar of Nemelex Xobeh.
  3376 | D:3      | Noticed Grinder
  3392 | D:3      | Killed Grinder
  3393 | D:3      | Reached skill level 6 in Fighting
  3393 | D:3      | Reached skill level 5 in Long Blades
  3393 | D:3      | Reached XP level 7. HP: 29/58 MP: 7/7
  3681 | D:4      | Found a staircase to the Ecumenical Temple.
  3710 | Temple   | Entered the Ecumenical Temple
  3871 | Temple   | Became a worshipper of Warmaster Okawaru
  4724 | D:4      | Noticed Eustachio
  4739 | D:5      | Entered Level 5 of the Dungeon
  4947 | D:4      | Killed Eustachio
  5027 | D:4      | Found a runed translucent door.
  5035 | D:4      | Noticed Sassenached's ghost (novice HuWn)
  5336 | D:5      | You fall into a shaft and drop 1 floor!
  5424 | D:5      | Reached skill level 1 in Invocations
  5507 | D:5      | Gained mutation: You have a pair of small antennae on your
                  | head. [demonic ancestry]
  5507 | D:5      | Reached XP level 8. HP: 59/64 MP: 9/9
  5829 | D:5      | Reached * piety under Okawaru
  5946 | D:5      | Reached skill level 5 in Shields
  6392 | D:5      | HP: 3/64 [poisoned by an orc warrior]
  6414 | D:5      | HP: 3/64 [poisoned by an orc warrior]
  6414 | D:5      | Mangled by an orc warrior

Illustrated notes

Levels and vault maps discovered:
D:1:      erik_arrival_orb_chamber, layout_basic,
          hellmonk_ecumenical_altar_lost_god, minmay_fountain_box
D:2:      layout_basic
D:3:      layout_rooms, nemelex_xobeh_ov_fountains_minmay, uniq_sigmund,
          uniq_grinder, uniq_natasha, uniq_crazy_yiuf_cottage
D:4:      layout_basic, minmay_temple_entry_slanted, ebering_ghost_sewer_d,
          uniq_eustachio
D:5:      layout_basic, cheibrodos_gnoll_hut
D:6:      layout_layer_cave, nicolae_dithmenos_through_a_glass_darkly
Temple:   regret_index_temple_sphere_string

Skill      XL: |  1  2  3  4  5  6  7  8 |
---------------+-------------------------+-----
Long Blades    | 2 3 4 5 |  5.2
Fighting       | 4 5 6 |  6.2
Armour         | 3 |  3.7
Shields        | 4 5 |  5.1
Invocations    | 2 4 |  4.6

Action                   |  1- 3 |  4- 6 |  7- 9 || total
-------------------------+-------+-------+-------++-------
Melee: Long sword        |   123 |    66 |   216 ||   405
Invok: Heroism           |       |       |     1 ||     1
Evoke: Wand              |     1 |     6 |     7 ||    14
  Use: Scroll            |       |       |     2 ||     2
       Potion            |       |       |     3 ||     3
Armor: Scale mail        |    70 |    37 |   118 ||   225
Dodge: Dodged            |    32 |    20 |    64 ||   116
Block: Kite shield       |    68 |    32 |   109 ||   209
       Rpst.: Long sword |    15 |     8 |    18 ||    41
